 Dungeon Crawl Stone Soup version 0.31-a0-263-ge8cad7f256 (webtiles) character file.

Game seed: 9428144876399421276

1918 qw the Skirmisher (level 8, -6/73 HPs)
             Began as a Minotaur Hexslinger on July 13, 2023.
             Mangled by a gnoll sergeant
             ... wielding a +0 trident
              (13 damage)
             ... on level 6 of the Dungeon.
             The game lasted 00:01:37 (4560 turns).

qw the Skirmisher (Minotaur Hexslinger)             Turns: 4560, Time: 00:01:38

Health: -6/73      AC:  6    Str: 14    XL:     8   Next: 95%
Magic:  8/8        EV: 16    Int: 10    God:
Gold:   142        SH:  0    Dex: 14    Spells: 8/9 levels left

rFire   . . .        i - +3 sling (heavy)
rCold   . . .        (no shield)
rNeg    . . .        h - +0 ring mail
rPois   .            (helmet restricted)
rElec   .            p - +0 cloak
rCorr   .            (no gloves)
SInv    +            (no boots)
Will    .....        n - amulet of faith
Stlth   +            c - +5 ring of evasion
HPRegen 0.32/turn    a - ring of see invisible
MPRegen 0.11/turn

%: faith
@: lethally poisoned (-6 -> -14), slowed, very slow
A: horns 2, retaliatory headbutt, talons 1, sense surroundings 1, subdued magic
1, MP-powered wands
a: no special abilities


You were on level 6 of the Dungeon.
You visited 2 branches of the dungeon, and saw 7 of its levels.

You collected 142 gold pieces.


Innate Abilities, Weirdness & Mutations

You have a pair of horns on your head.
You reflexively headbutt those who attack you in melee.
You have sharp toenails.
You passively map a small area around you.
Your spells are a little easier to cast, but a little less powerful.
You expend magic power (3 MP) to strengthen your wands.


   Skills:
 - Level 7.1 Fighting
 + Level 10.4 Ranged Weapons
 - Level 2.7 Armour
 - Level 3.5 Dodging
 - Level 1.0 Spellcasting
 - Level 2.0 Hexes


You had 8 spell levels left.
You knew the following spells:

 Your Spells              Type           Power      Damage    Failure   Level
a - Slow                  Hex            12%        N/A       26%         1

Your spell library contained the following spells:

 Spells                   Type           Power      Damage    Failure   Level
 Inner Flame              Hex/Fire       1%         N/A       77%         3
 Portal Projectile        Hex/Tloc       2%         N/A       77%         3
 Cause Fear               Hex            1%         N/A       95%         4

Inventory:

Hand Weapons
 i - a +3 heavy sling (weapon)
Armour
 h - a +0 ring mail (worn)
 p - a +0 cloak (worn)
Jewellery
 a - a ring of see invisible (right hand)
 c - a +5 ring of evasion (left hand)
 l - a ring of resist corrosion
 m - an amulet of regeneration
 n - an amulet of faith (around neck)
Scrolls
 e - 3 scrolls of identify
 j - a scroll of fear {unknown}
Potions
 b - a potion of haste
 d - a potion of cancellation
 f - 2 potions of mutation
 k - 2 potions of enlightenment {unknown}
 o - 2 potions of degeneration {unknown}
 q - 2 potions of curing

Dungeon Overview and Level Annotations

Branches:
Dungeon (6/15)             Temple (1/1) D:4

Altars:
Cheibriados
Dithmenos
Fedhas
Gozag
Hepliaklqana
Makhleb
Qazlal
Ru
Trog
Uskayaw
Wu Jian
Yredelemnul
Zin
The Shining One


Message History

The gnoll sergeant hits you from afar with a +0 trident!
You shoot a sling bullet.
The sling bullet closely misses the orc.
The orc closely misses you. The gnoll sergeant misses you.
An orc comes into view. It is wielding a +0 hand axe.
The orc barely misses you. You furiously retaliate!
You headbutt the orc. The ogre completely misses you.
The gnoll sergeant hits you from afar with a +0 trident.
You shoot a sling bullet.
The sling bullet closely misses the orc.
The orc shouts!
A jelly comes into view.
The orc closely misses you. The gnoll sergeant misses you.
The ogre barely misses you.
You shoot a sling bullet. The jelly quivers.
The sling bullet hits the orc!!
You kill the orc!
The gnoll sergeant hits you from afar with a +0 trident.
The kobold brigand throws a curare-tipped dart.
The curare-tipped dart hits you.
You are lethally poisoned!
You have difficulty breathing.
You feel yourself slow down. The ogre misses you.
The gnoll sergeant misses you.
4559 ||| DRINKING potion of heal wounds.
You feel much better.
You feel extremely sick.
The phantom hits you but does no damage.
The gnoll sergeant completely misses you.
The ogre hits you with a +0 giant club!
You shoot a sling bullet. The sling bullet hits the ogre!!
The ogre is severely wounded.
You feel extremely sick. The phantom barely misses you.
You furiously retaliate!
You headbutt the phantom. The gnoll sergeant barely misses you.
A scorpion comes into view.
The phantom misses you. You furiously retaliate!
You headbutt the phantom. The ogre closely misses you.
The gnoll sergeant hits you from afar with a +0 trident!
You die...

..........###............#
........##...............#
~
...........##......:.#..##
~........#####........#....
~ ........# #####..#.#....
*
........########.........#
#.####.¤g..#......##..##.#
. ####.o#.........###.%..#
, ....fKW@....###.#####(.#
, (..#####O.#..##......##..
,, ## ,, #.............##..
, s)###...#.....##.. , *
*.%............##.# *
...####........#..# #...
...#........## , .##.
####.......### ** ##......#
#


You could see a kobold brigand, an ogre, a phantom, a sleepcap, a gnoll
sergeant, a scorpion (wandering) and an orc.

Vanquished Creatures
  Sigmund (D:6)
  A steam dragon (D:6)
  3 water moccasins
  2 ice beasts
  2 sky beasts (D:6)
  A bullfrog (D:6)
  2 scorpions (D:5)
  3 wights (D:5)
  2 howler monkeys
  3 hounds
  A gnoll bouda (D:5)
  A jelly (D:6)
  4 sleepcaps
  Natasha (D:2)
  3 iguanas
  An orc wizard (D:4)
  Robin (D:2)
  3 gnolls (D:5)
  4 adders
  A worm (D:5)
  2 dart slugs
  13 orcs
  4 endoplasms
  3 giant cockroaches
  18 goblins
  4 hobgoblins
  5 kobolds
  7 quokkas
  6 ball pythons
  4 bats
  4 frilled lizards
  5 rats
115 creatures vanquished.

Notes
Turn   | Place    | Note
-------+----------+-------------------------------------------
     0 | D:1      | qw the Minotaur Hexslinger began the quest for the Orb.
     0 | D:1      | Reached XP level 1. HP: 16/16 MP: 1/1
     0 | D:1      | 0 ||| qw: Version: 0.3-a-52-g30416fa
     0 | D:1      | 0 ||| qw: Game counter: 7137
     0 | D:1      | 0 ||| qw: Melee chars always use a shield: true
     0 | D:1      | 0 ||| qw: God list: Okawaru
     0 | D:1      | 0 ||| qw: Allow faded altars: false
     0 | D:1      | 0 ||| qw: Do Orc after clearing Dungeon:15 true
     0 | D:1      | 0 ||| qw: Do second Lair branch before Depths: true
     0 | D:1      | 0 ||| qw: Lair rune preference: random
     0 | D:1      | 0 ||| qw: Goals: Normal
     0 | D:1      | 0 ||| PLANNING D:1-11
   180 | D:1      | Found a faded altar of an unknown god.
   326 | D:1      | Reached skill level 3 in Ranged Weapons
   326 | D:1      | Reached XP level 2. HP: 23/23 MP: 2/2
   720 | D:1      | 720 ||| UPGRADING to +0 ring mail.
   730 | D:1      | 730 ||| DROPPING +0 robe.
   731 | D:1      | 731 ||| UPGRADING to ring of see invisible.
   732 | D:1      | 732 ||| READING scroll labelled PAQEUS KAUM.
   733 | D:1      | 733 ||| READING scroll labelled NYKLUBBYCUTA.
   779 | D:1      | 779 ||| READING scroll labelled WUSCHU NYFIAM.
   780 | D:1      | 780 ||| READING scroll labelled PULO GUICVUCH.
   781 | D:1      | 781 ||| READING scroll labelled ZUQADA AC IBEP.
   782 | D:1      | 782 ||| READING scroll labelled OPREOCZEONE.
   783 | D:1      | 783 ||| DROPPING scroll of poison.
   925 | D:2      | 925 ||| READING scroll of enchant weapon.
   925 | D:2      | 925 ||| ENCHANTING +2 heavy sling.
  1221 | D:2      | Reached XP level 3. HP: 29/29 MP: 3/3
  1285 | D:2      | Noticed Natasha
  1291 | D:2      | Killed Natasha
  1292 | D:2      | Reached skill level 4 in Ranged Weapons
  1442 | D:2      | Found a shadowy altar of Dithmenos.
  1496 | D:2      | Reached XP level 4. HP: 34/36 MP: 4/4
  1498 | D:2      | Reached skill level 1 in Armour
  1501 | D:2      | Noticed Robin
  1506 | D:2      | Killed Robin
  1721 | D:2      | 1721 ||| UPGRADING to ring of resist corrosion.
  1722 | D:2      | 1722 ||| UPGRADING to +5 ring of evasion.
  1724 | D:2      | 1724 ||| UPGRADING to ring of see invisible.
  1928 | D:3      | Found a bloodstained altar of Trog.
  2061 | D:3      | Reached skill level 5 in Ranged Weapons
  2208 | D:3      | 2208 ||| DRINKING 2 green potions.
  2209 | D:3      | 2209 ||| DRINKING 3 fuming pink potions.
  2209 | D:3      | Gained mutation: Your spells are a little easier to cast,
                  | but a little less powerful. [potion of mutation]
  2209 | D:3      | Gained mutation: You have sharp toenails. [potion of
                  | mutation]
  2209 | D:3      | Gained mutation: You passively map a small area around you.
                  | [potion of mutation]
  2209 | D:3      | Gained mutation: You expend magic power (3 MP) to
                  | strengthen your wands. [potion of mutation]
  2210 | D:3      | 2210 ||| DRINKING 2 bubbling inky potions.
  2211 | D:3      | 2211 ||| READING 2 scrolls of identify.
  2211 | D:3      | 2211 ||| IDENTIFYING sedimented purple potion
  2212 | D:3      | 2212 ||| DROPPING potion of magic.
  2246 | D:4      | Found a staircase to the Ecumenical Temple.
  2247 | D:4      | 2247 ||| PLANNING TEMPLE
  2258 | Temple   | Entered the Ecumenical Temple
  2389 | Temple   | 2389 ||| PLANNING D:1-11
  2575 | D:4      | Reached skill level 3 in Fighting
  2575 | D:4      | Reached XP level 5. HP: 45/45 MP: 5/5
  2913 | D:4      | Found a snail-covered altar of Cheibriados.
  2946 | D:4      | Found an ornate altar of the Wu Jian Council.
  3117 | D:4      | 3117 ||| UPGRADING to amulet of regeneration.
  3122 | D:4      | 3122 ||| UPGRADING to amulet of faith.
  3132 | D:4      | 3132 ||| READING scroll labelled FESHRI DESYCS.
  3133 | D:4      | 3133 ||| READING 2 scrolls of identify.
  3133 | D:4      | 3133 ||| IDENTIFYING ruby potion
  3141 | D:5      | Entered Level 5 of the Dungeon
  3177 | D:5      | Noticed an ice beast
  3185 | D:5      | Killed an ice beast
  3186 | D:5      | Reached skill level 6 in Ranged Weapons
  3186 | D:5      | Reached XP level 6. HP: 36/51 MP: 6/6
  3293 | D:5      | 3293 ||| Stepping ~*~*~tactically~*~*~ (outnumbered).
  3365 | D:5      | Reached skill level 7 in Ranged Weapons
  3471 | D:5      | Reached XP level 7. HP: 38/59 MP: 7/7
  3588 | D:5      | Reached skill level 8 in Ranged Weapons
  4121 | D:5      | Found a burning altar of Makhleb.
  4210 | D:5      | 4210 ||| UPGRADING to +0 cloak.
  4215 | D:5      | 4215 ||| DRINKING 2 amethyst potions.
  4216 | D:5      | 4216 ||| READING 2 scrolls of identify.
  4216 | D:5      | 4216 ||| IDENTIFYING sedimented black potion
  4217 | D:5      | 4217 ||| DROPPING potion of brilliance.
  4244 | D:6      | Found a stormy altar of Qazlal.
  4248 | D:6      | Noticed a water elemental
  4252 | D:6      | Noticed a fire elemental
  4252 | D:6      | Noticed an air elemental
  4264 | D:6      | Reached XP level 8. HP: 55/70 MP: 8/8
  4313 | D:6      | Noticed Sigmund
  4315 | D:6      | 4315 ||| DRINKING potion of curing.
  4315 | D:6      | 4315 ||| (to cure confusion)
  4318 | D:6      | Killed Sigmund
  4319 | D:6      | Reached skill level 9 in Ranged Weapons
  4321 | D:6      | Reached skill level 6 in Fighting
  4346 | D:6      | Reached skill level 3 in Dodging
  4439 | D:6      | Reached skill level 10 in Ranged Weapons
  4540 | D:6      | 4540 ||| Stepping ~*~*~tactically~*~*~ (cloud).
  4541 | D:6      | 4541 ||| Stepping ~*~*~tactically~*~*~ (cloud).
  4558 | D:6      | HP: 10/73 [asphyx]
  4559 | D:6      | 4559 ||| DRINKING potion of heal wounds.
  4560 | D:6      | Mangled by a gnoll sergeant

Levels and vault maps discovered:
D:1:      onia_arrival_pyramid, layout_loops_cross,
          nicolae_ecumenical_snake_handling, serial_bayou_lagoon_a,
          minmay_tromino_v7
D:2:      layout_loops_corners, basic_altar, uniq_natasha, uniq_robin
D:3:      layout_basic, mainiacjoe_overflow_alcove_1
D:4:      layout_basic, cheibriados_altar_1,
          mainiacjoe_overflow_surrounded_room, minmay_temple_entry_mini_moons,
          hangedman_abyss_or_decor_stabs
D:5:      layout_loops_ring, lemuel_round_altar
D:6:      layout_rooms, xom_confusion_cloud, lemuel_zombie_altar_kikubaaqudgha,
          nicolae_qazlal_style_of_elements, minmay_manual_monstrance,
          uniq_sigmund
Temple:   hellmonk_temple_forest_ring

Skill      XL: |  1  2  3  4  5  6  7  8 |
---------------+-------------------------+-----
Ranged Weapons | 3 4 5 6 7 8 10 | 10.4
Fighting       | 2 3 4 5 7 |  7.1
Armour         | 1 2 |  2.7
Dodging        | 3 |  3.5
Spellcasting   | |  1.0
Hexes          | |  2.0

Action                     |  1- 3 |  4- 6 |  7- 9 || total
---------------------------+-------+-------+-------++-------
   Fire: Sling             |    80 |   127 |   101 ||   308
    Use: Scroll            |     7 |     3 |     1 ||    11
         Potion            |       |     3 |     3 ||     6
 Armour: Ring mail         |     6 |    20 |    12 ||    38
         Robe              |     2 |       |       ||     2
  Dodge: Dodged            |    26 |    65 |    71 ||   162

Table legend:
 A = Non-vault XP
 B = Vault XP
 C = Vault XP percentage of total XP
 D = Non-vault monster count
 E = Vault monster count
 F = Vault count percentage of total count
                 A         B        C        D         E       F
            +---------+---------+-------+---------+---------+-------
      Total |    2185 |     555 |  20.3 |      94 |      21 |  18.3
            +---------+---------+-------+---------+---------+-------
        D:1 |      27 |       5 |  15.6 |      17 |       3 |  15.0
        D:2 |      23 |      71 |  75.5 |      12 |      12 |  50.0
        D:3 |      37 |       0 |   0.0 |      17 |       0 |   0.0
        D:4 |     133 |       0 |   0.0 |      14 |       0 |   0.0
        D:5 |    1112 |       0 |   0.0 |      21 |       0 |   0.0
        D:6 |     853 |     479 |  36.0 |      13 |       6 |  31.6
            +---------+---------+-------+---------+---------+-------
